 Dungeon Crawl Stone Soup version 0.31-a0-574-g69dc8cc98e (console) character file.

Game seed: 16884771770790103476

147 jejorda2 the Chopper (level 5, -4/47 HPs)
             Began as a Gnoll Berserker on Aug 18, 2023.
             Was a Believer of Trog.
             Slain by Crazy Yiuf
             ... wielding a +4 quarterstaff of chaos
              (8 damage)
             ... on level 3 of the Dungeon.
             The game lasted 00:04:11 (1966 turns).

jejorda2 the Chopper (Gnoll Berserker)              Turns: 1966, Time: 00:04:13

Health: -4/47      AC:  9    Str: 23 (24) XL:     5   Next: 29%
Magic:  7/7        EV: 10    Int:  5 (7)  God:    Trog [**....]
Gold:   61         SH:  0    Dex: 10 (11) Spells: 6/6 levels left

rFire   . . .        a - +0 war axe
rCold   . . .        (no shield)
rNeg    . . .        b - +0 chain mail
rPois   .            (helmet currently unavailable)
rElec   .            i - melded scarf {repulsion}
rCorr   .            (gloves currently unavailable)
SInv    .            (boots currently unavailable)
Will    .....        (no amulet) Stlth
                     r - +6 ring of strength
HPRegen 0.27/turn    (no ring)
MPRegen 0.10/turn

%: no passive effects
@: beast-form, on berserk cooldown, slowed, very slow
A: beast (slay +0), fangs 1, strong nose, distributed training
a: Begin Untransformation, Renounce Religion, Berserk, Trog's Hand


You were on level 3 of the Dungeon.
You worshipped Trog.
Trog was pleased with you.
You were a hulking beast.
You visited 1 branch of the dungeon, and saw 3 of its levels.

You collected 61 gold pieces.

Inventory:

Hand Weapons
 a - a +0 war axe (weapon)
 o - a +0 flail
Missiles
 k - 6 poisoned darts
Armour
 b - a +0 chain mail (worn)
 e - a +2 kite shield
 i - a scarf of repulsion (melded)
Jewellery
 m - a ring of ice
 r - a +6 ring of strength (left hand)
Scrolls
 c - 3 scrolls of identify {unknown}
 d - a scroll of amnesia {unknown}
 j - 2 scrolls of fear {unknown}
 l - a scroll of teleportation {unknown}
 n - a scroll of blinking {unknown}
 q - a scroll of vulnerability {unknown}
Potions
 f - a potion of curing
 g - a potion of degeneration
 h - a potion of enlightenment {unknown}
 p - a potion of ambrosia {unknown}


   Skills:
 + Level 6.7 Fighting
 + Level 1.4 Short Blades
 + Level 1.4 Long Blades
 + Level 6.7 Axes
 + Level 1.4 Maces & Flails
 + Level 1.4 Polearms
 + Level 1.4 Staves
 + Level 1.4 Ranged Weapons
 + Level 1.4 Throwing
 + Level 4.8 Armour
 + Level 4.8 Dodging
 + Level 1.4 Stealth
 + Level 1.4 Shields
 + Level 1.4 Unarmed Combat
 + Level 1.4 Spellcasting
 + Level 1.1 Conjurations
 + Level 1.1 Hexes
 + Level 1.1 Summonings
 + Level 1.1 Necromancy
 + Level 1.1 Translocations
 + Level 1.1 Transmutations
 + Level 1.1 Fire Magic
 + Level 1.1 Ice Magic
 + Level 1.1 Air Magic
 + Level 1.1 Earth Magic
 + Level 1.1 Poison Magic
 + Level 1.6 Invocations
 + Level 1.4 Evocations
 + Level 1.1 Shapeshifting


You had 6 spell levels left.
You didn't know any spells.
Your spell library was empty.

Dungeon Overview and Level Annotations

Branches:
Dungeon (3/15)

Altars:

Annotations:
D:3 Crazy Yiuf


Innate Abilities, Weirdness & Mutations

You are a hulking beast.
Your limbs bulge with bestial killing power. (Slay +0)
You have very sharp teeth.
Your uncanny sense of smell can sniff out nearby items.
Your experience applies equally to all skills.


Message History

There is an open translucent door, spattered with blood here.
You slice Crazy Yiuf!! Your bite misses Crazy Yiuf.
Crazy Yiuf is almost dead.
Crazy Yiuf barely misses you.
You barely miss Crazy Yiuf.
Crazy Yiuf is almost dead.
Crazy Yiuf hits you with a +4 quarterstaff of chaos!
You are confused.
You bump into the stone wall.
You bump into the rock wall.
You feel a strong urge to attack something.
You are no longer berserk.
You are exhausted.
You feel yourself slow down.
Crazy Yiuf hits you with a +4 quarterstaff of chaos.
You are more confused.
Unknown command.
Unknown command.
Crazy Yiuf misses you. Crazy Yiuf barely misses you.
Crazy Yiuf hits you with a +4 quarterstaff of chaos!
Crazy Yiuf laughs, "Goober forty-two shoe!"
You bump into the stone wall.
Crazy Yiuf laughs, "Lay testudinal bush!"
Crazy Yiuf barely misses you.
Crazy Yiuf hits you with a +4 quarterstaff of chaos!
* * * LOW HITPOINT WARNING * * *
Crazy Yiuf freezes you.
* * * LOW HITPOINT WARNING * * *
Unknown command.
It was a potion of curing.
You feel better.
Crazy Yiuf hits you with a +4 quarterstaff of chaos.
* * * LOW HITPOINT WARNING * * *
It was a potion of degeneration.
There was something very wrong with that liquid.
You feel weakened.
You feel dopey.
You feel clumsy.
Crazy Yiuf hits you with a +4 quarterstaff of chaos.
* * * LOW HITPOINT WARNING * * *
Crazy Yiuf hits you with a +4 quarterstaff of chaos!
You die...

### ###.# ....#
###.#### #####
....#.P## ###..)#
##....P.####.'.gh#
#.....P.#..##...#
##.#...#.########
#.####### ###


You could see Crazy Yiuf.

Vanquished Creatures
  An orc priest (D:3)
  4 gnolls (D:2)
  A worm (D:2)
  3 dart slugs
  3 orcs (D:3)
  5 endoplasms
  5 goblins
  2 hobgoblins (D:1)
  11 jackals (D:1)
  3 kobolds
  3 quokkas (D:1)
  9 ball pythons
  6 bats
  2 frilled lizards
  2 rats (D:3)
60 creatures vanquished.

Notes
Turn   | Place    | Note
-------+----------+-------------------------------------------
     0 | D:1      | jejorda2 the Gnoll Berserker began the quest for the Orb.
     0 | D:1      | Reached XP level 1. HP: 23/23 MP: 1/1
   243 | D:1      | Reached XP level 2. HP: 24/29 MP: 2/2
   472 | D:1      | Reached XP level 3. HP: 27/35 MP: 3/3
   831 | D:1      | Reached ** piety under Trog
   832 | D:1      | Reached skill level 1 in Invocations
  1108 | D:2      | Reached skill level 1 in Short Blades
  1108 | D:2      | Reached skill level 1 in Long Blades
  1108 | D:2      | Reached skill level 1 in Maces & Flails
  1108 | D:2      | Reached skill level 1 in Polearms
  1108 | D:2      | Reached skill level 1 in Staves
  1108 | D:2      | Reached skill level 1 in Ranged Weapons
  1108 | D:2      | Reached skill level 1 in Throwing
  1108 | D:2      | Reached skill level 1 in Stealth
  1108 | D:2      | Reached skill level 1 in Shields
  1108 | D:2      | Reached skill level 1 in Unarmed Combat
  1108 | D:2      | Reached skill level 1 in Spellcasting
  1108 | D:2      | Reached skill level 1 in Evocations
  1166 | D:2      | Reached XP level 4. HP: 28/41 MP: 5/5
  1428 | D:2      | Reached skill level 1 in Conjurations
  1428 | D:2      | Reached skill level 1 in Hexes
  1428 | D:2      | Reached skill level 1 in Summonings
  1428 | D:2      | Reached skill level 1 in Necromancy
  1428 | D:2      | Reached skill level 1 in Translocations
  1428 | D:2      | Reached skill level 1 in Transmutations
  1428 | D:2      | Reached skill level 1 in Fire Magic
  1428 | D:2      | Reached skill level 1 in Ice Magic
  1428 | D:2      | Reached skill level 1 in Air Magic
  1428 | D:2      | Reached skill level 1 in Earth Magic
  1428 | D:2      | Reached skill level 1 in Poison Magic
  1428 | D:2      | Reached skill level 1 in Shapeshifting
  1772 | D:3      | Reached XP level 5. HP: 47/47 MP: 5/7
  1950 | D:3      | Found a runed translucent door.
  1951 | D:3      | Noticed Crazy Yiuf
  1966 | D:3      | Slain by Crazy Yiuf

Illustrated notes

Levels and vault maps discovered:
D:1:      eino_arrival_water_star, layout_basic, minmay_tiny_reverse_x
D:2:      layout_rooms, nicolae_figureground_sparkle
D:3:      layout_rooms, nrook_mini_vaults, uniq_crazy_yiuf_cottage

Skill      XL: |  1  2  3  4 |
---------------+-------------+-----
Invocations    | 1 |  1.6
Short Blades   | 1 |  1.4
Long Blades    | 1 |  1.4
Maces & Flails | 1 |  1.4
Polearms       | 1 |  1.4
Staves         | 1 |  1.4
Ranged Weapons | 1 |  1.4
Throwing       | 1 |  1.4
Stealth        | 1 |  1.4
Shields        | 1 |  1.4
Unarmed Combat | 1 |  1.4
Spellcasting   | 1 |  1.4
Evocations     | 1 |  1.4
Conjurations   | 1 |  1.1
Hexes          | 1 |  1.1
Summonings     | 1 |  1.1
Necromancy     | 1 |  1.1
Translocations | 1 |  1.1
Transmutations | 1 |  1.1
Fire Magic     | 1 |  1.1
Ice Magic      | 1 |  1.1
Air Magic      | 1 |  1.1
Earth Magic    | 1 |  1.1
Poison Magic   | 1 |  1.1
Shapeshifting  | 1 |  1.1
Fighting       | |  6.7
Axes           | |  6.7
Armour         | |  4.8
Dodging        | |  4.8

Action                     |  1- 3 |  4- 6 || total
---------------------------+-------+-------++-------
  Melee: Hand axe          |   117 |       ||   117
         Bite              |    11 |     3 ||    14
         War axe           |       |    49 ||    49
 Invoke: Berserk           |     2 |     3 ||     5
         Trog's Hand       |     1 |       ||     1
    Use: Potion            |       |     2 ||     2
   Stab: Sleeping          |     2 |       ||     2
 Armour: Animal skin       |    15 |     3 ||    18
         Scale mail        |       |     4 ||     4
         Chain mail        |       |     6 ||     6
  Dodge: Dodged            |    84 |    32 ||   116
   Form: Beast             |     1 |       ||     1

Table legend: (Time is in decaauts)
 A = Elapsed time spent in this place.
 B = Non-inter-level travel time spent in this place.
 C = Inter-level travel time spent in this place.
 D = Time resting spent in this place.
 E = Time spent auto-exploring this place.
 F = Levels seen in this place.
 G = Mean time per level.
                   A        B        C        D        E       F      G
               +--------+--------+--------+--------+--------+-----+--------+
         Total |   2000 |   1943 |     57 |    220 |   1276 |   3 |  666.7 |
       Dungeon |   2000 |   1943 |     57 |    220 |   1276 |   3 |  666.7 |
               +--------+--------+--------+--------+--------+-----+--------+

Top non-repeatable levels by time:
     D:1: 1094 daAuts
     D:2: 716 daAuts
     D:3: 188 daAuts
